 Dungeon Crawl Stone Soup version 0.30.1-4-g462c640d31 (webtiles) character file.

Game seed: 5000427984615265619

42 Peloso the Shield-Bearer (level 3, 33/33 HPs)
             Began as a Minotaur Fighter on Sept 18, 2023.
             Got out of the dungeon alive.
             The game lasted 00:02:19 (1454 turns).

Peloso the Shield-Bearer (Minotaur Fighter)         Turns: 1454, Time: 00:02:20

Health: 33/33      AC:  8    Str: 20    XL:     3   Next: 35%
Magic:  2/2        EV:  9    Int:  5    God:
Gold:   128        SH:  4    Dex: 11    Spells: 2/2 levels left

rFire   . . .        a - +0 long sword
rCold   . . .        d - +0 buckler
rNeg    . . .        b - +0 scale mail
rPois   .            (helmet restricted)
rElec   .            (no cloak)
rCorr   .            c - +0 pair of gloves
SInv    .            (no boots)
Will    .....        (no amulet) Stlth
                     (no ring)
HPRegen 0.25/turn    (no ring)
MPRegen 0.08/turn

%: no passive effects
@: no status effects
A: horns 2, retaliatory headbutt, inability to drink after injury 1
a: no special abilities


You escaped.
You visited 1 branch of the dungeon, and saw 2 of its levels.

You collected 128 gold pieces.

Inventory:

Hand Weapons
 a - a +0 long sword (weapon)
Armour
 b - a +0 scale mail (worn)
 c - a +0 pair of gloves (worn)
 d - a +0 buckler (worn)
Scrolls
 g - a scroll of magic mapping {unknown}
 j - a scroll of fog {unknown}
 m - a scroll of teleportation {unknown}
Potions
 f - a potion of invisibility
 h - a potion of might
 i - a potion of flight
 k - a potion of curing


   Skills:
 + Level 3.9 Fighting
 + Level 3.4 Long Blades
 + Level 3.8 Armour
 + Level 0.4 Dodging
 + Level 4.3 Shields


You had 2 spell levels left.
You didn't know any spells.
Your spell library contained the following spells:

 Spells                   Type           Power      Damage    Failure   Level
 Beastly Appendage        Tmut           0%         N/A       88%         1
 Shock                    Conj/Air       0%         1d3       88%         1
 Wereblood                Tmut           0%         N/A       95%         2
 Dazzling Flash           Conj/Hex       0%         N/A       99%         3
 Spider Form              Tmut/Pois      0%         N/A       99%         3
 Swiftness                Air            0%         N/A       99%         3
 Airstrike                Air            0%         2d(0-16)  100%        4
 Agony                    Necr           0%         N/A       100%        5
 Alistair's Intoxication  Tmut/Pois      0%         N/A       100%        5
 Borgnjor's Vile Clutch   Necr/Erth      0%         N/A       100%        5
 Silence                  Hex/Air        0%         N/A       100%        5
 Eringya's Noxious Bog    Tmut/Pois      0%         N/A       100%        6


Dungeon Overview and Level Annotations

Branches:
Dungeon (2/15)

Altars:


Innate Abilities, Weirdness & Mutations

You have a pair of horns on your head.
You reflexively headbutt those who attack you in melee.
You occasionally lose the ability to drink potions when taking damage.


Message History

You now have 128 gold pieces (gained 5).
There is a stone staircase leading up here.
Found a hand axe.
Found a stone staircase leading down.
You see here a +0 hand axe.
You see here a ball python corpse.
You enter the shallow water.
Moving in this stuff is going to be slow.
You see here a +0 whip.
You enter the shallow water.
Moving in this stuff is going to be slow.
You enter the shallow water.
Moving in this stuff is going to be slow.
Found a stone staircase leading down.
You enter the shallow water.
Moving in this stuff is going to be slow.
You enter the shallow water.
Moving in this stuff is going to be slow.
Done exploring.
Done exploring.
Done exploring.
As you read the scroll labelled MICLIV VUBEON LIFO, it crumbles to dust.
It is a scroll of identify.
i - a potion of flight
As you read the scroll of identify, it crumbles to dust.
f - a potion of invisibility It was a potion of curing.
You feel better.
It was a potion of mutation.
You feel extremely strange.
You occasionally lose the ability to drink potions when taking damage.
(D) Dungeon
Where to? (Enter - D:12, ? - help)
What level of the Dungeon? (default 1, ? - help)
There is a stone staircase leading up here.
You climb upwards.
There is a stone staircase leading down here.
There is an open door here.
There is an open door here.
There is a staircase leading out of the dungeon here.
Are you sure you want to leave the Dungeon?
This will make you lose the game!
You have escaped!

#..............#
#.
#.######.......#
#.
#.##########...#
#.
#.#.......##...#
#.
#.+.>.>.>.'....#
#.
#.#.......#....#
#.
#.##########...#
#.
#.#.......##...#
##
#.+...@...'....#
###.......##...#
##############


There were no monsters in sight!

Vanquished Creatures
  A worm (D:2)
  3 giant cockroaches
  A goblin (D:1)
  2 hobgoblins (D:1)
  3 jackals (D:2)
  2 quokkas (D:1)
  7 ball pythons
  6 bats
  6 kobolds (D:2)
  7 rats
38 creatures vanquished.

Notes
Turn   | Place    | Note
-------+----------+-------------------------------------------
     0 | D:1      | Peloso the Minotaur Fighter began the quest for the Orb.
     0 | D:1      | Reached XP level 1. HP: 19/19 MP: 0/0
   213 | D:1      | Reached XP level 2. HP: 27/27 MP: 1/1
   232 | D:1      | Reached skill level 4 in Shields
   725 | D:2      | Reached XP level 3. HP: 26/33 MP: 2/2
  1437 | D:2      | Gained mutation: You occasionally lose the ability to drink
                  | potions when taking damage. [potion of mutation]
  1454 | D:$      | Got out of the dungeon alive.

Illustrated notes

Levels and vault maps discovered:
D:1:      minmay_arrival_up_and_down, layout_basic
D:2:      layout_loops_ring, serial_bayou, serial_bayou_shore_a,
          serial_bayou_ford_a, serial_bayou_pond_b, serial_bayou_pond_d,
          serial_bayou_lagoon_b, glass_columns_a

Skill      XL: |  1  2 |
---------------+-------+-----
Shields        | 4 |  4.3
Long Blades    | 3 |  3.4
Fighting       | |  3.9
Armour         | |  3.8
Dodging        | |  0.4

Action                     || total
---------------------------++-------
  Melee: Long sword        ||    84
         Headbutt          ||     8
    Use: Scroll            ||     2
         Potion            ||     2
 Armour: Scale mail        ||    51
  Dodge: Dodged            ||    59
  Block: Buckler           ||    25
